 Dungeon Crawl Stone Soup version 0.23-a0-307-gc3b755d (webtiles) character file.

1398 epen the Skirmisher (level 8, -3/67 HPs)
             Began as a Gnoll Abyssal Knight on Oct 10, 2018.
             Was a Priest of Lugonu.
             Killed by nerve-wracking pain
             ... invoked by Menkaure
              (9 damage)
             ... on level 6 of the Dungeon.
             The game lasted 00:08:03 (4946 turns).

epen the Skirmisher (Gnoll Abyssal Knight)          Turns: 4946, Time: 00:08:04

Health: -3/67      AC: 10    Str: 16    XL:     8   Next: 69%
Magic:  9/13       EV: 13    Int: 17    God:    Lugonu [***...]
Gold:   238        SH:  0    Dex: 15    Spells: 13/13 levels left

rFire    . . .     SeeInvis .   v - +2 flail (crush)
rCold    . . .     Gourm    .   (no shield)
rNeg     . . .     Faith    .   d - +0 ring mail
rPois    .         Spirit   .   (no helmet)
rElec    .         Reflect  .   t - +0 cloak
rCorr    .         Harm     .   o - +2 pair of gloves
MR       .....                  (no boots)
Stlth    ++........             (no amulet)
HPRegen  0.21/turn              (no ring)
MPRegen  0.13/turn              (no ring)

@: no status effects
A: distributed training, fangs 1, clever 1, subdued magic 1, strong nose
a: Depart the Abyss, Bend Space, Banish, Renounce Religion


You were on level 6 of the Dungeon.
You worshipped Lugonu.
Lugonu was most pleased with you.
You were hungry.

You visited 1 branch of the dungeon, and saw 6 of its levels.
You visited the Abyss 1 time.

You collected 238 gold pieces.

Inventory:

Hand Weapons
 a - a +1 falchion
 u - a +0 vampiric falchion
 v - a +2 flail of crushing (weapon)
Missiles
 q - a throwing net (quivered)
Armour
 b - a +0 leather armour
 d - a +0 ring mail (worn)
 o - a +2 pair of gloves (worn)
 t - a +0 cloak (worn)
Jewellery
 w - a +6 ring of protection {unknown}
 B - a cursed ring of attention {unknown}
Wands
 z - a wand of flame (18)
Scrolls
 f - 4 scrolls of remove curse {unknown}
 g - 2 scrolls of noise {unknown}
 i - 2 scrolls of teleportation {unknown}
 j - a scroll of immolation
 l - 2 scrolls of fear {unknown}
 p - 3 scrolls of amnesia {unknown}
 s - 4 scrolls of identify
 x - a scroll of enchant weapon {unknown}
 y - a scroll of enchant armour {unknown}
Potions
 e - a potion of might {unknown}
 h - 2 potions of haste
 k - 3 potions of curing
 m - 4 potions of flight {unknown}
 n - a potion of lignification {unknown}
 r - a potion of invisibility {unknown}
 C - a potion of brilliance {unknown}
Comestibles
 c - 6 rations


   Skills:
 + Level 7.4 Fighting
 + Level 3.4 Short Blades
 + Level 5.8 Long Blades
 + Level 3.4 Axes
 + Level 3.4 Maces & Flails
 + Level 3.4 Polearms
 + Level 3.4 Staves
 + Level 3.4 Slings
 + Level 3.4 Bows
 + Level 3.4 Crossbows
 + Level 3.4 Throwing
 + Level 5.8 Armour
 + Level 4.3 Dodging
 + Level 3.4 Stealth
 + Level 3.4 Shields
 + Level 3.4 Unarmed Combat
 + Level 3.4 Spellcasting
 + Level 2.8 Conjurations
 + Level 2.8 Hexes
 + Level 2.8 Charms
 + Level 2.8 Summonings
 + Level 2.8 Necromancy
 + Level 2.8 Translocations
 + Level 2.8 Transmutations
 + Level 2.8 Fire Magic
 + Level 2.8 Ice Magic
 + Level 2.8 Air Magic
 + Level 2.8 Earth Magic
 + Level 2.8 Poison Magic
 + Level 6.0 Invocations
 + Level 3.4 Evocations


You had 13 spell levels left.
You didn't know any spells.
Your spell library contained the following spells:

 Spells                   Type           Power        Failure   Level  Hunger
 Confusing Touch          Hex            #.....       7%          1    None
 Sting                    Conj/Pois      #...         7%          1    None
 Poisonous Vapours        Pois/Air       #.....       12%         2    ##.....
 Confuse                  Hex            #.......     22%         3    ###....
 Gell's Gravitas          Tloc           #.........   22%         3    ###....
 Mephitic Cloud           Conj/Pois/Air  #.......     22%         3    ###....
 Olgreb's Toxic Radiance  Pois           #.......     61%         4    ####...
 Petrify                  Tmut/Erth      #.......     61%         4    ####...
 Metabolic Englaciation   Hex/Ice        #.........   92%         5    ######.
 Venom Bolt               Conj/Pois      #.........   92%         5    ######.
 Yara's Violent Unravell  Hex/Tmut       #.........   92%         5    ######.


Dungeon Overview and Level Annotations

Branches:
Dungeon (6/15)
 Temple: D:4-7

Altars:
Ashenzari
Cheibriados
Dithmenos
Hepliaklqana
Kikubaaqudgha
Okawaru
Qazlal
Ru
Uskayaw
Vehumet
Zin

Shops:
D:4 %

Annotations:
D:4 3 runed doors, coffeespoons's ghost, amateur TrMo
D:6 Menkaure
Abyss:1 Blork the orc; Pikel


Innate Abilities, Weirdness & Mutations

Your experience applies equally to all skills.
You have very sharp teeth.
Your uncanny sense of smell can sniff out nearby items.
Your mind is acute. (Int +2)
Your spells are a little easier to cast, but a little less powerful.


Message History

Menkaure barely resists.
You feel quite a bit more hungry. Menkaure hits you!
* * * LOW HITPOINT WARNING * * *
Press: ? - help, Shift-Dir - straight line, f/p - Menkaure
Aim: Menkaure (fast, chance to defeat MR: 84%)
You fail to use your ability.
Menkaure hits you.
* * * LOW HITPOINT WARNING * * *
Okay, then.
You feel better.
The centaur unwields an uncursed shortbow.
The centaur closely misses you. Menkaure barely misses you.
The centaur wields an uncursed shortbow.
The centaur shoots an arrow.
The arrow hits you!
* * * LOW HITPOINT WARNING * * *
You see here 2 arrows.
Press: ? - help, Shift-Dir - straight line, f/p - Menkaure
Aim: Menkaure (fast, chance to defeat MR: 84%)
You fail to use your ability.
Menkaure casts a spell at you. Pain shoots through your body!
You die...

#..##.#..........#.#######...#
#..##.##.....................+
#..##.#......................#
#..##.#...#######............#
#..##.######### #............#
####..##.........###.........####
......##########.#.........#.# #
####.## #(# .#.#.#..#.# # #.#
#### #@# '#.....##.#### # #.#
#....#M#..............# # #.#
#....†c.........##....# # #.#
...####..........##....# ####.#
...........##))..# .....#
.........<..##....# ######
...................#
.....................
.........#.##....#....


You could see Menkaure and a centaur.

Vanquished Creatures
  Sigmund (D:5)
  A water moccasin (D:6)
  A sky beast (D:5)
  A phantom (D:5)
  A bullfrog (D:6)
  A crimson imp (D:6)
  A centaur zombie (D:5)
  A jelly (D:6)
  An orc wizard (D:4)
  An iron imp (D:6)
  Ijyb (D:5)
  4 worker ants
  2 hound skeletons (D:4)
  3 gnolls (D:3)
  6 adders
  A shadow imp (D:6)
  An ooze (D:5)
  An adder skeleton (D:4)
  An adder zombie (D:5)
  4 worms
  A dart slug (D:2)
  3 leopard geckos
  21 orcs
  A ball python (D:2)
  7 giant cockroaches
  6 goblins
  10 hobgoblins
  6 jackals (D:2)
  8 kobolds
  3 quokkas
  8 bats
  2 frilled lizards
  A jackal skeleton (D:5)
  2 leopard gecko skeletons
  14 rats
127 creatures vanquished.

Vanquished Creatures (others)
  A hound (D:5)
  2 orc wizards (D:4)
  A worker ant zombie (D:5)
  A gnoll (D:3)
5 creatures vanquished.

Grand Total: 132 creatures vanquished

Notes
Turn   | Place    | Note
-------+----------+-------------------------------------------
     0 | Abyss:1  | epen the Gnoll Abyssal Knight began the quest for the Orb.
     0 | Abyss:1  | Reached XP level 1. HP: 23/23 MP: 3/3
    62 | D:1      | Escaped the Abyss
   208 | D:1      | Reached XP level 2. HP: 27/29 MP: 5/5
   391 | D:1      | Reached ** piety under Lugonu
   464 | D:1      | Reached XP level 3. HP: 31/35 MP: 6/6
   805 | D:2      | Gained mutation: Your spells are a little easier to cast,
                  | but a little less powerful. [potion of mutation]
   805 | D:2      | Gained mutation: Your mind is acute. (Int +2) [potion of
                  | mutation]
   949 | D:2      | Reached skill level 1 in Short Blades
   949 | D:2      | Reached skill level 1 in Axes
   949 | D:2      | Reached skill level 1 in Maces & Flails
   949 | D:2      | Reached skill level 1 in Polearms
   949 | D:2      | Reached skill level 1 in Staves
   949 | D:2      | Reached skill level 1 in Slings
   949 | D:2      | Reached skill level 1 in Bows
   949 | D:2      | Reached skill level 1 in Crossbows
   949 | D:2      | Reached skill level 1 in Throwing
   949 | D:2      | Reached skill level 1 in Stealth
   949 | D:2      | Reached skill level 1 in Shields
   949 | D:2      | Reached skill level 1 in Unarmed Combat
   949 | D:2      | Reached skill level 1 in Spellcasting
   949 | D:2      | Reached skill level 1 in Evocations
   957 | D:2      | Reached XP level 4. HP: 33/41 MP: 7/7
  1543 | D:3      | Reached *** piety under Lugonu
  1568 | D:3      | Reached skill level 1 in Conjurations
  1568 | D:3      | Reached skill level 1 in Hexes
  1568 | D:3      | Reached skill level 1 in Charms
  1568 | D:3      | Reached skill level 1 in Summonings
  1568 | D:3      | Reached skill level 1 in Necromancy
  1568 | D:3      | Reached skill level 1 in Translocations
  1568 | D:3      | Reached skill level 1 in Transmutations
  1568 | D:3      | Reached skill level 1 in Fire Magic
  1568 | D:3      | Reached skill level 1 in Ice Magic
  1568 | D:3      | Reached skill level 1 in Air Magic
  1568 | D:3      | Reached skill level 1 in Earth Magic
  1568 | D:3      | Reached skill level 1 in Poison Magic
  1760 | D:3      | Found a radiant altar of Vehumet.
  1784 | D:3      | Reached XP level 5. HP: 35/47 MP: 8/8
  2046 | D:3      | Noticed an orc warrior
  2313 | D:4      | Found a shadowy altar of Dithmenos.
  2371 | D:4      | Reached skill level 5 in Invocations
  2371 | D:4      | Reached XP level 6. HP: 25/53 MP: 4/9
  2971 | D:4      | Reached skill level 5 in Long Blades
  2971 | D:4      | Reached skill level 5 in Armour
  2980 | D:4      | Found a runed gate.
  2981 | D:4      | Found a runed gate.
  2981 | D:4      | Found a runed gate.
  2981 | D:4      | Noticed coffeespoons's ghost (amateur TrMo)
  3106 | D:4      | Found Juru's Food Shop.
  3211 | D:5      | Entered Level 5 of the Dungeon
  3215 | D:5      | Noticed a slave
  3361 | D:5      | Noticed Sigmund
  3380 | D:5      | Killed Sigmund
  3380 | D:5      | Reached XP level 7. HP: 54/59 MP: 10/10
  3448 | D:5      | Noticed Ijyb
  3463 | D:5      | Killed Ijyb
  3469 | D:5      | Reached skill level 7 in Fighting
  3605 | D:5      | Noticed Pikel
  3634 | D:4      | Banished Pikel
  3848 | D:5      | Found an iron altar of Okawaru.
  3857 | D:5      | Noticed Blork the orc
  3866 | D:5      | Banished Blork the orc
  3866 | D:5      | Reached XP level 8. HP: 44/67 MP: 12/12
  4440 | D:6      | Found a hazy altar of Hepliaklqana.
  4441 | D:6      | Found a hide-covered altar of Uskayaw.
  4641 | D:6      | Found a stormy altar of Qazlal.
  4658 | D:6      | Found a glowing silver altar of Zin.
  4661 | D:6      | Found a sacrificial altar of Ru.
  4666 | D:6      | Found a shattered altar of Ashenzari.
  4692 | D:6      | Found an ancient bone altar of Kikubaaqudgha.
  4803 | D:6      | Found a snail-covered altar of Cheibriados.
  4936 | D:6      | Noticed Menkaure
  4946 | D:6      | Killed from afar by Menkaure

Vault maps used:
D:1:      dpeg_arrival_rooms_a
D:2:      kb_forest_paths
D:3:      nicolae_overflow_crystal_walls, vehumet_crystals, uniq_grinder
D:4:      nicolae_dithmenos_shadow_blocks, gammafunk_ghost_nasty_kobolds,
          serial_shops, kennysheep_mini_moat
D:5:      basic_altar, first_ration, minivault_11, minmay_hedge_maze,
          uniq_sigmund, uniq_pikel, uniq_ijyb, uniq_blork_the_orc
D:6:      slow_altar_2, nicolae_qazlal_general_emergency,
          kiku_gazebo_garden_becter, chequers_temple_overflow_statue_of_worship,
          grunt_temple_overflow_open, basic_altar, uniq_menkaure
Abyss:1:  evilmike_abyss_exit_12

Skill      XL: |  1  2  3  4  5  6  7  8 |
---------------+-------------------------+-----
Short Blades   | 1 2 3 |  3.4
Axes           | 1 2 3 |  3.4
Maces & Flails | 1 2 3 |  3.4
Polearms       | 1 2 3 |  3.4
Staves         | 1 2 3 |  3.4
Slings         | 1 2 3 |  3.4
Bows           | 1 2 3 |  3.4
Crossbows      | 1 2 3 |  3.4
Throwing       | 1 2 3 |  3.4
Stealth        | 1 2 3 |  3.4
Shields        | 1 2 3 |  3.4
Unarmed Combat | 1 2 3 |  3.4
Spellcasting   | 1 2 3 |  3.4
Evocations     | 1 2 3 |  3.4
Conjurations   | 1 2 |  2.8
Hexes          | 1 2 |  2.8
Charms         | 1 2 |  2.8
Summonings     | 1 2 |  2.8
Necromancy     | 1 2 |  2.8
Translocations | 1 2 |  2.8
Transmutations | 1 2 |  2.8
Fire Magic     | 1 2 |  2.8
Ice Magic      | 1 2 |  2.8
Air Magic      | 1 2 |  2.8
Earth Magic    | 1 2 |  2.8
Poison Magic   | 1 2 |  2.8
Dodging        | 3 4 |  4.3
Invocations    | 5 6 |  6.0
Long Blades    | 5 |  5.8
Armour         | 5 |  5.8
Fighting       | 7 |  7.4

Action                   |  1- 3 |  4- 6 |  7- 9 || total
-------------------------+-------+-------+-------++-------
Melee: Falchion          |    96 |   177 |       ||   273
       Bite              |     6 |    24 |    11 ||    41
       Flail             |       |     6 |   109 ||   115
       Punch             |       |     1 |       ||     1
Invok: Banish            |       |     3 |     3 ||     6
       Bend Space        |       |     1 |     1 ||     2
  Use: Scroll            |     5 |       |       ||     5
       Potion            |     1 |     1 |     1 ||     3
 Stab: Sleeping          |     2 |       |       ||     2
       Distracted        |     1 |       |     1 ||     2
  Eat: Chunk             |       |     4 |     1 ||     5
       Ration            |       |     3 |     1 ||     4
Armor: Leather armour    |    23 |     5 |       ||    28
       Ring mail         |       |    68 |    47 ||   115
Dodge: Dodged            |    60 |   147 |    76 ||   283
       Rpst.: Falchion   |    22 |    31 |       ||    53

Table legend:
 A = Non-vault XP
 B = Vault XP
 C = Vault XP percentage of total XP
 D = Non-vault monster count
 E = Vault monster count
 F = Vault count percentage of total count
                 A         B        C        D         E       F
            +---------+---------+-------+---------+---------+-------
      Total |    1246 |     752 |  37.6 |     121 |      11 |   8.3
            +---------+---------+-------+---------+---------+-------
        D:1 |      39 |       0 |   0.0 |      26 |       0 |   0.0
        D:2 |      51 |      11 |  17.7 |      22 |       6 |  21.4
        D:3 |      98 |       0 |   0.0 |      19 |       0 |   0.0
        D:4 |     257 |     411 |  61.5 |      24 |       1 |   4.0
        D:5 |     373 |     291 |  43.8 |      13 |       3 |  18.8
        D:6 |     428 |      39 |   8.4 |      17 |       1 |   5.6
            +---------+---------+-------+---------+---------+-------
